 Dungeon Sprint DCSS version 0.31-a0-431-g88bdf31460 (webtiles) character file.

Game seed: 15927059185148641735

95 rocky1 the Changeling (level 4, -2/41 HPs)
             Began as a Troll Shapeshifter on Aug 1, 2023.
             Slain by a human
             ... wielding a +0 dagger
              (4 damage)
             ... in the Dungeon (Sprint III: "The Ten Rune Challenge").
             The game lasted 00:00:46 (456 turns).

rocky1 the Changeling (Troll Shapeshifter)           Turns: 456, Time: 00:00:47

Health: -2/41      AC:  4    Str: 25    XL:     4   Next: 39%
Magic:  3/3        EV: 10    Int:  4    God:
Gold:   19         SH:  0    Dex: 10    Spells: 3/3 levels left

rFire   . .          .
                       - Unarmed
rCold   . . .        (no shield)
rNeg    . . .        a - +0 animal skin
rPois   .            (helmet currently unavailable)
rElec   .            (cloak currently unavailable)
rCorr   .            (gloves unavailable)
SInv    .            (boots unavailable)
Will    .....        (no amulet)
Stlth   +            (no ring)
HPRegen 1.06/turn    (no ring)
MPRegen 0.08/turn

%: no teleportation
@: beast-form, on berserk cooldown, hasted and slowed
A: beast (slay +4), large, unfitting armour, claws 3, regeneration 1, shaggy fur
1, tough skin 1
a: Begin Untransformation


You were in the Dungeon.
You were a hulking beast.
You visited 1 branch You collected 19 gold pieces.

Inventory:

Armour
 a - a +0 animal skin (worn)
Talismans
 c - a beast talisman (active)
Scrolls
 i - a scroll of blinking
 j - a scroll of acquirement {unknown}
 l - a scroll of immolation {unknown}
 m - 3 scrolls of identify
 n - a scroll of poison {unknown}
Potions
 b - a potion of lignification
 d - 2 potions of curing
 e - a potion of heal wounds
 g - 3 potions of magic
 k - 2 potions of mutation {unknown}
 o - 3 potions of enlightenment


   Skills:
 + Level 1.1 Fighting
 + Level 2.4 Dodging
 + Level 0.5 Stealth
 + Level 6.0 Unarmed Combat
 + Level 6.1 Shapeshifting


You had 3 spell levels left.
You didn't know any spells.
Your spell library contained the following spells:

 Spells                   Type           Power      Damage    Failure   Level
 Magic Dart               Conj           0%         1d3       50%         1
 Call Imp                 Summ           0%         N/A       65%         2
 Mephitic Cloud           Conj/Pois/Air  0%         N/A       86%         3


Dungeon Overview and Level Annotations

Branches:
Dungeon (1/1)

Altars:


Innate Abilities, Weirdness & Mutations

You are a hulking beast.
Your limbs bulge with bestial killing power. (Slay +4)
You are too large for most types of armour.
You have claws for hands.
Your natural rate of healing is unusually fast.
You are covered in fur. (AC +1)
You have tough skin. (AC +1)


Message History

You hear a shout!
You mangle the water elemental!!
The water elemental is severely damaged.
The water elemental misses you.
You claw the water elemental!
You destroy the water elemental!
Your Fighting skill increases to level 1!
Your Unarmed Combat skill gained 2 levels and is now at level 6!
Your Shapeshifting skill increases to level 6!
You have reached level 4!
You start waiting.
You feel a strong urge to attack something.
You hear a shout!
You start waiting.
You feel your anger nearly subside.
You are no longer berserk.
You are exhausted.
You feel yourself slow down.
You hear a shout!
You start waiting.
You hear a shout! x8
Something unseen opens the door.
You hear a shout!
You start waiting.
A human comes into view. It is wielding a +0 dagger.
A human is nearby!
A human is nearby!
You hear a shout!
You hear a shout!
A human comes into view.
The human barely misses you.
There is an open door here.
You feel yourself speed up. The human hits you with a +0 dagger! x2
You closely miss the human. The human hits you with a +0 dagger!
* * * LOW HITPOINT WARNING * * *
You claw the human!
The human is moderately wounded.
The human hits you with a +0 dagger!
* * * LOW HITPOINT WARNING * * *
The human hits you with a +0 dagger.
You die...

▓▓▓▓▓▓▓▓▓ ▓▓▓
▓<..#...#### ##.#
▓...#......#####..#
▓..##.......#..#..#
▓##.##.##...#..#..# #+#p#
##.##.###..##h#..#......
▓#.####.##..###pp.'.⌠....
▓.###..##..####...#...###
▓#..†..##..###....#.⌠.#
###..##...##.....# ..#
##..##...†#......# ###
#..###..##.#.....# #..#
#.. ####....# ▓▓▓▓ ▓▓▓
▓▓▓▓▓▓


You could see 2 humans.

Vanquished Creatures
  A water elemental (D)
  A human (D)
  A wolf (D)
  4 rats (D)
7 creatures vanquished.

Notes
Turn   | Place    | Note
-------+----------+-------------------------------------------
     0 | D        | rocky1 the Troll Shapeshifter began the quest for the Orb.
     0 | D        | Reached XP level 1. HP: 18/18 MP: 0/0
   163 | D        | Reached XP level 2. HP: 12/26 MP: 1/1
   183 | D        | Reached skill level 5 in Shapeshifting
   183 | D        | Reached XP level 3. HP: 31/32 MP: 2/2
   424 | D        | Noticed a water elemental
   427 | D        | Killed a water elemental
   428 | D        | Reached skill level 1 in Fighting
   428 | D        | Reached XP level 4. HP: 41/41 MP: 3/3
   449 | D        | Noticed a human
   451 | D        | Noticed a human
   456 | D        | HP: 2/41 [human/+0 dagger (9)]
   456 | D        | Slain by a human

Illustrated notes

Levels and vault maps discovered:
D:        dungeon_sprint_mu [sprint_mu_entry_cave, sprint_mu_temple_rooms,
          sprint_mu_d1_horrors, sprint_mu_d2_genie, sprint_mu_d3_branching,
          sprint_mu_orc_legion, sprint_mu_elf_gauntlet, sprint_mu_hive_nellie,
          sprint_mu_lair_fedhas, sprint_mu_vaults_butterflies,
          sprint_mu_slime_circle, sprint_mu_swamp_cave, sprint_mu_shoals_archi,
          sprint_mu_blade_basic, sprint_mu_crypt_chambers,
          sprint_mu_tomb_spiral, sprint_mu_vestibule_basic,
          sprint_mu_gehenna_hellfire, sprint_mu_dis_giant,
          sprint_mu_tartarus_statrot, sprint_mu_cocytus_islands, sprint_mu_zot1]

Skill      XL: |  1  2  3 |
---------------+----------+-----
Unarmed Combat | 4 6 |  6.0
Shapeshifting  | 4 5 6 |  6.1
Dodging        | 2 |  2.4
Fighting       | 1 |  1.1
Stealth        | |  0.5

Action                     |  1- 3 |  4- 6 || total
---------------------------+-------+-------++-------
  Melee: Unarmed           |    16 |     2 ||    18
         Punch             |     1 |       ||     1
    Use: Potion            |     1 |     1 ||     2
   Stab: Sleeping          |     1 |       ||     1
  Dodge: Dodged            |     5 |     1 ||     6

Table legend: (Time is in decaauts)
 A = Elapsed time spent in this place.
 B = Non-inter-level travel time spent in this place.
 C = Inter-level travel time spent in this place.
 D = Time resting spent in this place.
 E = Time spent auto-exploring this place.
 F = Levels seen in this place.
 G = Mean time per level.
                   A        B        C        D        E       F      G
               +--------+--------+--------+--------+--------+-----+--------+
         Total |    464 |    464 |      0 |    363 |      0 |   1 |  464.0 |
       Dungeon |    464 |    464 |      0 |    363 |      0 |   1 |  464.0 |
               +--------+--------+--------+--------+--------+-----+--------+

Top non-repeatable levels by time:
       D: 464 daAuts
